 Dungeon Crawl Stone Soup version 0.24-a0-269-g32ec7ca (webtiles) character file.

Game seed: 742474686291945159

401 AngleWyrm the Caller (level 6, -6/43 HPs)
             Began as a Merfolk Summoner on Apr 21, 2019.
             Killed from afar by a shadow imp (33 damage)
             ... with an exploding inner flame
             ... hexed by the player character
             ... on level 5 of the Dungeon.
             The game lasted 01:08:07 (4405 turns).

AngleWyrm the Caller (Merfolk Summoner)             Turns: 4405, Time: 01:08:08

Health: -6/43      AC:  5    Str: 11    XL:     6   Next: 85%
Magic:  2/10       EV: 13    Int: 14    God:
Gold:   281        SH:  2    Dex: 16    Spells: 6/11 levels left

rFire    . . .     SeeInvis .   j - +0 trident
rCold    . . .     Gourm    .   (no shield)
rNeg     . . .     Faith    .   s - +0 leather armour
rPois    .         Spirit   .   o - +1 helmet
rElec    .         Reflect  +   (no cloak)
rCorr    .         Harm     .   (no gloves)
MR       .....                  (no boots)
Stlth    ++........             n - +2 amulet of reflection
HPRegen  0.14/turn              (no ring)
MPRegen  0.12/turn              (no ring)

@: very slightly contaminated, lightly drained
A: change form in water, swift swim, stealthy swim, agile 1, mutation resistance
1
a: no special abilities


You were on level 5 of the Dungeon.
You were not hungry.

You visited 1 branch of the dungeon, and saw 6 of its levels.

You collected 281 gold pieces.

Inventory:

Hand Weapons
 j - a +0 trident (weapon)
 m - a +2 falchion of slicing
 p - a cursed -1 dagger
 w - a +1 spear of piercing
Missiles
 d - 98 arrows
 f - 42 stones (quivered)
Armour
 o - a +1 helmet (worn)
 s - a +0 leather armour (worn)
Jewellery
 n - a +2 amulet of reflection (around neck)
 t - an uncursed amulet of the gourmand
Wands
 g - a wand of polymorph (4)
Scrolls
 b - 3 scrolls of identify
 e - a scroll of immolation
 h - a scroll of remove curse
 q - 3 scrolls of teleportation
 r - a scroll of holy word {unknown}
 u - a scroll of enchant weapon {unknown}
 v - a scroll of brand weapon {unknown}
 x - a scroll of fear {unknown}
 y - a scroll of fog {unknown}
Potions
 a - 3 potions of mutation
 i - 2 potions of ambrosia
 k - 4 potions of curing
 l - a potion of heal wounds
Comestibles
 c - a ration


   Skills:
 + Level 1.0(0.5) Fighting
 + Level 0.8(0.3) Short Blades
 * Level 5.0(4.5) Polearms
 * Level 1.6(1.1) Armour
 + Level 3.3(2.8) Dodging
 + Level 2.5(2.0) Stealth
 + Level 3.3(2.8) Spellcasting
 + Level 5.1(4.5) Summonings


You had 6 spell levels left.
You knew the following spells:

 Your Spells              Type           Power        Failure   Level  Hunger
a - Call Canine Familiar  Summ           ##......     13%         3    ###....
b - Call Imp              Summ           ##......     7%          2    ###....

Your spell library contained the following spells:

 Spells                   Type           Power        Failure   Level  Hunger
 Summon Small Mammal      Summ           ##..         4%          1    #......
 Summon Guardian Golem    Hex/Summ       #.......     34%         3    ###....
 Summon Ice Beast         Ice/Summ       #.......     75%         4    #####..
 Summon Lightning Spire   Summ/Air       #.......     75%         4    #####..


Dungeon Overview and Level Annotations

Branches:
Dungeon (6/15)
 Temple: D:4-7

Altars:
Dithmenos
Fedhas
Gozag
Makhleb
Qazlal
Vehumet
Wu Jian

Annotations:
D:5 Eustachio


Innate Abilities, Weirdness & Mutations

You revert to your normal form in water You are very nimble and swift while swimming.
You are very stealthy in the water. (Stealth+)
You are agile. (Dex +2)
You are somewhat resistant to further mutation.


Message History

The bat closely misses you.
Your hound bites Eustachio.
Eustachio casts a spell.
Eustachio blinks!
The quokka bites your hound. The quokka closely misses your hound.
You hit the shadow imp.
The shadow imp is almost dead.
The bat hits you but does no damage.
The shadow imp hits you but does no damage.
The bat hits you but does no damage.
You hit the shadow imp.
The shadow imp explodes!
The fiery explosion engulfs the bat!!!
You kill the bat!
The bat's corpse disappears in a puff of smoke!
The fiery explosion engulfs the quokka!!
You kill the quokka!
The quokka's corpse disappears in a puff of smoke!
The fiery explosion engulfs you!!
Ouch! That really hurt!
You die...

........h# ####.### ##
#......# ###......##### #
#....#####............####
##.....##.................
###.r..#.................
##r...........>........
#.#§h§§.(..............
#...#.§.§...............
#.....##@§...............
#......##.................
#.........................
..........................
.........................#
.................)......#
.................)....##
...............).....##
............#...)....#


You could see 2 quokkas and a friendly hound.

Vanquished Creatures
  A bullfrog (D:6)
  2 crimson imps
  Jessica (D:3)
  An orc wizard (D:3)
  A worker ant (D:4)
  4 adders
  An ooze (D:1)
  A worm (D:3)
  3 dart slugs
  3 leopard geckos
  6 orcs
  A ball python (D:4)
  2 giant cockroaches
  7 goblins
  2 hobgoblins
  A bat (D:1)
  A frilled lizard (D:1)
  A kobold (D:1)
  4 rats
43 creatures vanquished.

Vanquished Creatures (collateral kills)
  2 crimson imps
  An orc priest (D:5)
  Ijyb (D:4)
  Robin (D:3)
  2 adders (D:2)
  An ooze (D:1)
  A worm (D:2)
  A dart slug (D:3)
  3 leopard geckos (D:2)
  9 orcs
  A ball python (D:1)
  2 bats
  A giant cockroach (D:2)
  10 goblins
  8 hobgoblins
  3 frilled lizards
  3 kobolds
  2 rats
52 creatures vanquished.

Grand Total: 95 creatures vanquished

Notes
Turn   | Place    | Note
-------+----------+-------------------------------------------
     0 | D:1      | AngleWyrm the Merfolk Summoner began the quest for the Orb.
     0 | D:1      | Reached XP level 1. HP: 13/13 MP: 3/3
   133 | D:1      | Reached XP level 2. HP: 10/19 MP: 3/5
   299 | D:1      | Learned a level 2 spell: Call Imp
   586 | D:1      | Reached XP level 3. HP: 21/24 MP: 1/6
   757 | D:2      | Gained mutation: You are somewhat resistant to further
                  | mutation. [potion of mutation]
   757 | D:2      | Gained mutation: You are agile. (Dex +2) [potion of
                  | mutation]
  1500 | D:2      | Reached XP level 4. HP: 30/30 MP: 4/7
  1505 | D:2      | Learned a level 3 spell: Call Canine Familiar
  1641 | D:3      | Noticed Robin
  1688 | D:3      | Killed Robin
  1695 | D:3      | Reached skill level 1 in Armour
  1894 | D:3      | Reached skill level 1 in Polearms
  1915 | D:3      | Reached XP level 5. HP: 33/36 MP: 6/9
  2258 | D:3      | Found a shadowy altar of Dithmenos.
  2545 | D:3      | Noticed Jessica
  2550 | D:3      | Killed Jessica
  2839 | D:4      | Noticed Ijyb
  2852 | D:4      | Killed Ijyb
  3017 | D:4      | Found an opulent altar of Gozag.
  3220 | D:4      | Reached XP level 6. HP: 40/42 MP: 7/10
  3225 | D:4      | Found a stormy altar of Qazlal.
  3256 | D:4      | Found a radiant altar of Vehumet.
  3256 | D:4      | Found a burning altar of Makhleb.
  3266 | D:4      | Reached skill level 5 in Summonings
  3720 | D:5      | Entered Level 5 of the Dungeon
  4209 | D:5      | Reached skill level 1 in Fighting
  4227 | D:5      | You fall through a shaft!
  4227 | D:6      | Found an ornate altar of the Wu Jian Council.
  4227 | D:6      | Found a blossoming altar of Fedhas.
  4254 | D:6      | Reached skill level 5 in Polearms
  4389 | D:5      | Noticed Eustachio
  4405 | D:5      | Killed from afar by a shadow imp

Levels and vault maps discovered:
D:1:      dpeg_arrival_court, layout_rooms
D:2:      layout_rooms, serial_glass, glass_columns_b, glass_columns_b,
          hex_intersection
D:3:      layout_basic, first_ration, nicolae_dithmenos_shadow_blocks,
          uniq_jessica, uniq_robin
D:4:      layout_loops_cross, grunt_temple_overflow_lords_of_destruction,
          marbit_many_paths, nicolae_gozag_seed_capital, uniq_ijyb
D:5:      layout_cave_pods, uniq_eustachio
D:6:      layout_basic, chequers_temple_overflow_statue_of_worship,
          water_boxes_lemuel

Skill      XL: |  1  2  3  4  5  6 |
---------------+-------------------+-----
Dodging        | 3 |  3.3
Armour         | 1 |  1.6
Polearms       | 1 3 5 |  5.0
Spellcasting   | 3 |  3.3
Summonings     | 5 |  5.1
Fighting       | 1 |  1.0
Short Blades   | |  0.8
Stealth        | |  2.5

Action                   |  1- 3 |  4- 6 || total
-------------------------+-------+-------++-------
Melee: Unarmed           |    12 |       ||    12
       Club              |    17 |       ||    17
       Dagger            |    73 |       ||    73
       Trident           |       |   142 ||   142
 Cast: Summon Small Mamm |     9 |       ||     9
       Call Imp          |    20 |    37 ||    57
       Call Canine Famil |       |     3 ||     3
  Use: Potion            |     6 |     2 ||     8
       Scroll            |     4 |     7 ||    11
 Stab: Distracted        |     1 |     1 ||     2
       Sleeping          |     1 |     2 ||     3
  Eat: Chunk             |     2 |     5 ||     7
       Ration            |     1 |     2 ||     3
Armor: Robe              |    14 |     8 ||    22
       Skin              |     3 |       ||     3
       Leather armour    |       |    24 ||    24
Dodge: Dodged            |    65 |    54 ||   119
Block: Other             |       |     5 ||     5

Table legend:
 A = Non-vault XP
 B = Vault XP
 C = Vault XP percentage of total XP
 D = Non-vault monster count
 E = Vault monster count
 F = Vault count percentage of total count
                 A         B        C        D         E       F
            +---------+---------+-------+---------+---------+-------
      Total |     425 |     148 |  25.8 |      78 |      17 |  17.9
            +---------+---------+-------+---------+---------+-------
        D:1 |      35 |       0 |   0.0 |      19 |       0 |   0.0
        D:2 |      47 |       0 |   0.0 |      22 |       0 |   0.0
        D:3 |     106 |      64 |  37.6 |      16 |      14 |  46.7
        D:4 |      28 |      84 |  75.0 |       4 |       3 |  42.9
        D:5 |     103 |       0 |   0.0 |      13 |       0 |   0.0
        D:6 |     106 |       0 |   0.0 |       4 |       0 |   0.0
            +---------+---------+-------+---------+---------+-------
